 Dungeon Crawl Stone Soup version 0.26.1-11-gd32895ea62 (webtiles) character file.

Game seed: 14059037098361797299

354 Descartes the Conjurer (level 6, 0/32 HPs)
             Began as a Deep Elf Hedge Wizard on May 30, 2021.
             Slain by a worker ant (4 damage)
             ... on level 3 of the Dungeon.
             The game lasted 00:09:20 (4670 turns).

Descartes the Conjurer (Deep Elf Hedge Wizard)      Turns: 4670, Time: 00:09:20

Health: 0/32       AC:  3    Str:  7    XL:     6   Next: 35%
Magic:  1/15       EV: 13    Int: 21    God:
Gold:   173        SH:  0    Dex: 14    Spells: 13/14 levels left

rFire    . . .     SeeInvis .   p - +0 falchion
rCold    . . .     Faith    .   (no shield)
rNeg     . . .     Spirit   .   b - +0 robe
rPois    .         Reflect  .   r - +0 helmet (curse)
rElec    .         Harm     .   (no cloak)
rCorr    .         Rampage  .   (no gloves)
Will     .....                  (no boots)
Stlth    ++........             (no amulet)
HPRegen  0.10/turn              (no ring)
MPRegen  0.14/turn              (no ring)

@: mighty, lethally poisoned (0 -> -4)
A: no striking features
a: no special abilities


You were on level 3 of the Dungeon.
You visited 1 branch of the dungeon, and saw 4 of its levels.

You collected 173 gold pieces.

Inventory:

Hand Weapons
 a - a +0 dagger
 p - a +0 falchion (weapon)
Missiles
 d - 316 stones
 j - 86 arrows
 v - 6 curare-tipped darts
Armour
 b - a +0 robe (worn)
 c - a +0 hat
 q - a +0 buckler
 r - a cursed +0 helmet (worn)
Wands
 m - a wand of flame (12)
Scrolls
 f - 2 scrolls of enchant armour {unknown}
 g - a scroll of remove curse {unknown}
 h - 5 scrolls of identify {unknown}
 k - 3 scrolls of fog {unknown}
 l - a scroll of fear {unknown}
 n - 2 scrolls of teleportation {unknown}
 t - a scroll of enchant weapon {unknown}
 u - a scroll of magic mapping {unknown}
Potions
 e - 3 potions of heal wounds {unknown}
 i - a potion of attraction {unknown}
 o - 2 potions of might
 s - a potion of brilliance {unknown}


   Skills:
 - Level 2.4 Dodging
 - Level 2.4 Stealth
 + Level 2.4 Shields
 + Level 4.8 Spellcasting
 + Level 6.0 Conjurations
 - Level 1.1 Summonings
 - Level 1.1 Translocations


You had 13 spell levels left.
You knew the following spells:

 Your Spells              Type           Power        Failure   Level
a - Magic Dart            Conj           100%         1%          1

Your spell library contained the following spells:

 Spells                   Type           Power        Failure   Level
 Conjure Flame            Conj/Fire      17%          10%         3
 Blink                    Tloc           N/A          11%         2
 Call Imp                 Summ           9%           11%         2
 Mephitic Cloud           Conj/Pois/Air  13%          14%         3
 Slow                     Hex            5%           17%         2


Dungeon Overview and Level Annotations

Branches:
Dungeon (4/15)             Temple (0/1) D:4

Altars:
Elyvilon


Message History

Confirm with . or Enter, or press ? or * to list all spells.
Aiming: Magic Dart (safe; 1% risk of failure)
Press: ? - help, Shift-Dir - straight line, f/p - worker ant
Aim: a worker ant (heavily wounded, 0% to evade)
The magic dart hits the worker ant but does no damage.
The worker ant is heavily wounded.
The worker ant bites you.
* * * LOW HITPOINT WARNING * * *
You are lethally poisoned!
The worker ant poisons you! The worker ant barely misses you.
* * * LOW HITPOINT WARNING * * *
You feel sick.
* * * LOW HITPOINT WARNING * * *
You feel sick.
* * * LOW HITPOINT WARNING * * *
You feel sick. The worker ant closely misses you.
It was a potion of might.
You feel very mighty all of a sudden. The worker ant bites you.
You die...

.....##....##.##.# #..#
.....##....##.##.# ####..#
.....##...###.##.# #......
.....##...# #..#.# ##.##..#
.....##...# ##.#.# #..##†.#
..........# #.#.# #..##..#
..........# #...#### #..##..#
..........# ##..##.# #..##..#
..........# #.@##.# ####..#####
..........#####.B##.###........#
..........'...........#.######.##
..........#####..##...#...##...#.
..........# #.>##.#####.#######
..........# ##.##.# #...##...##
..........# #.##.# #.######.##
........(.# #.##.# #........##
..........# #.##.# ####[.####.


You could see a worker ant.

Vanquished Creatures
  An ogre (D:3)
  A howler monkey (D:4)
  2 orc wizards (D:4)
  Robin (D:2)
  7 adders
  An adder skeleton (D:3)
  3 worms
  7 dart slugs
  4 leopard geckos
  3 orcs
  18 goblins
  9 hobgoblins
  7 kobolds
  A quokka (D:3)
  A ball python (D:1)
  9 bats
  2 frilled lizards
  8 rats
85 creatures vanquished.

Notes
Turn   | Place    | Note
-------+----------+-------------------------------------------
     0 | D:1      | Descartes the Deep Elf Hedge Wizard began the quest for the
                  | Orb.
     0 | D:1      | Reached XP level 1. HP: 10/10 MP: 7/7
   162 | D:1      | Reached skill level 2 in Conjurations
   204 | D:1      | Reached XP level 2. HP: 15/15 MP: 2/9
   726 | D:1      | Reached skill level 3 in Conjurations
  1104 | D:1      | Reached XP level 3. HP: 11/19 MP: 4/10
  1945 | D:2      | Noticed Robin
  1969 | D:2      | Reached skill level 4 in Conjurations
  2234 | D:2      | Found a white marble altar of Elyvilon.
  2305 | D:2      | Reached XP level 4. HP: 24/24 MP: 4/12
  2500 | D:2      | Killed Robin
  2587 | D:2      | HP: 1/24 [gnoll/cursed -1 spear (9)]
  3309 | D:3      | Reached skill level 5 in Conjurations
  3636 | D:3      | Reached skill level 1 in Shields
  3636 | D:3      | Reached XP level 5. HP: 28/28 MP: 7/13
  3874 | D:3      | Noticed Ijyb
  4406 | D:3      | Noticed an ogre
  4413 | D:3      | Killed an ogre
  4599 | D:4      | Found a staircase to the Ecumenical Temple.
  4603 | D:4      | Reached XP level 6. HP: 32/32 MP: 10/14
  4652 | D:4      | Reached skill level 6 in Conjurations
  4670 | D:3      | Slain by a worker ant

Illustrated notes

Levels and vault maps discovered:
D:1:      dpeg_arrival_stone_temple_mockup, layout_basic, minmay_tripent
D:2:      layout_basic, elyvilon_altar_3, uniq_robin
D:3:      layout_basic, bh_walls_and_bars, uniq_ijyb
D:4:      layout_basic, gammafunk_temple_overflow_wave, dancing_weapons_uskayaw,
          temple_doors_e

Skill      XL: |  1  2  3  4  5  6 |
---------------+-------------------+-----
Conjurations   | 2 3 4 5 6 |  6.0
Shields        | 1 2 |  2.4
Dodging        | |  2.4
Stealth        | |  2.4
Spellcasting   | |  4.8
Summonings     | |  1.1
Translocations | |  1.1

Action                   |  1- 3 |  4- 6 || total
-------------------------+-------+-------++-------
Melee: Dagger            |     2 |       ||     2
 Cast: Magic Dart        |   102 |   129 ||   231
  Use: Potion            |       |     1 ||     1
Armor: Robe              |     1 |     4 ||     5
Dodge: Dodged            |    13 |     8 ||    21
       Rpst.: Falchion   |       |     2 ||     2
